 Dungeon Crawl Stone Soup version 0.28.0-53-g5a82cb258f (webtiles) character file.

Game seed: 12845735404742917964

136 Gabide the Ducker (level 5, 0/70 HPs)
             Began as a Gnoll Monk on May 31, 2022.
             Slain by a phantom (4 damage)
             ... on level 4 of the Dungeon.
             The game lasted 00:05:43 (2786 turns).

Gabide the Ducker (Gnoll Monk)                      Turns: 2786, Time: 00:05:44

Health: 0/70       AC: 22    Str: 11    XL:     5   Next: 19%
Magic:  7/7        EV:  2    Int:  9    God:
Gold:   71         SH:  0    Dex: 16    Spells: 6/6 levels left

rFire   . . .      SeeInvis .   a - +0 spear
rCold   . . .      Faith    .   (no shield)
rNeg    . . .      Spirit   .   (armour currently unavailable)
rPois   +          Reflect  .   (helmet currently unavailable)
rElec   .          Harm     .   (cloak currently unavailable)
rCorr   .          Rampage  .   (gloves currently unavailable)
Will    .....      NoTele   +   (boots currently unavailable)
Stlth   +++.......              (no amulet)
HPRegen 0.21/turn               (no ring)
MPRegen 0.10/turn               (no ring)

@: tree-form
A: stationary, stasis, torment immunity, boosted hp, (fangs 1), strong nose,
distributed training
a: no special abilities


You were on level 4 of the Dungeon.
You were a tree.
You visited 1 branch of the dungeon, and saw 4 of its levels.

You collected 71 gold pieces.

Inventory:

Hand Weapons
 a - a +0 spear (weapon)
Armour
 b - a +0 robe (melded)
 o - a +0 helmet (melded)
Scrolls
 f - a scroll of fog {unknown}
 h - a scroll of fear {unknown}
 i - 2 scrolls of vulnerability
 j - 2 scrolls of enchant weapon
 k - a scroll of amnesia {unknown}
Potions
 c - a potion of curing {unknown}
 d - a potion of ambrosia
 e - a potion of berserk rage {unknown}
 m - a potion of might {unknown}
 n - 2 potions of haste {unknown}


   Skills:
 + Level 6.6 Fighting
 + Level 1.4 Short Blades
 + Level 1.4 Long Blades
 + Level 1.4 Axes
 + Level 1.4 Maces & Flails
 + Level 6.6 Polearms
 + Level 1.4 Staves
 + Level 1.4 Slings
 + Level 1.4 Bows
 + Level 1.4 Crossbows
 + Level 1.4 Throwing
 + Level 1.4 Armour
 + Level 6.6 Dodging
 + Level 4.3 Stealth
 + Level 1.4 Shields
 + Level 1.4 Unarmed Combat
 + Level 1.4 Spellcasting
 + Level 1.1 Conjurations
 + Level 1.1 Hexes
 + Level 1.1 Summonings
 + Level 1.1 Necromancy
 + Level 1.1 Translocations
 + Level 1.1 Transmutations
 + Level 1.1 Fire Magic
 + Level 1.1 Ice Magic
 + Level 1.1 Air Magic
 + Level 1.1 Earth Magic
 + Level 1.1 Poison Magic
 + Level 1.5 Invocations
 + Level 1.4 Evocations


You had 6 spell levels left.
You didn't know any spells.
Your spell library contained the following spells:

 Spells                   Type           Power      Damage    Failure   Level
 Animate Skeleton         Necr           4%         N/A       22%         1
 Pain                     Necr           8%         1d4       22%         1
 Ignite Poison            Fire/Tmut/Pois 2%         N/A       56%         3
 Mephitic Cloud           Conj/Pois/Air  2%         N/A       56%         3
 Vampiric Draining        Necr           2%         2d6       56%         3
 Freezing Cloud           Conj/Ice/Air   1%         6-21      99%         5


Dungeon Overview and Level Annotations

Branches:
Dungeon (4/15)
 Temple: D:4-7

Altars:
Dithmenos
Gozag
Trog
Vehumet
The Shining One

Shops:
D:1 (   D:3 ((

Annotations:
D:4 exclusion: lemure


Innate Abilities, Weirdness & Mutations

You are a tree.
Your roots penetrate the ground, keeping you stationary.
You cannot be teleported.
You are immune to unholy pain and torment.
Your maximum health is greatly increased.
Your equipment is partially melded.
((You have very sharp teeth.))
Your uncanny sense of smell can sniff out nearby items.
Your experience applies equally to all skills.


Message History

The phantom is heavily damaged.
The phantom hits you.
You hit the phantom but do no damage. You punch the phantom.
The phantom is heavily damaged.
The phantom completely misses you.
You closely miss the phantom.
The phantom is heavily damaged.
The phantom barely misses you.
You hit the phantom but do no damage.
The phantom is heavily damaged.
The phantom closely misses you.
You hit the phantom but do no damage. You punch the phantom.
The phantom is heavily damaged.
You hit the phantom but do no damage. Your bite misses the phantom.
The phantom is heavily damaged.
The phantom hits you.
You hit the phantom.
The phantom is severely damaged.
The phantom hits you.
* * * LOW HITPOINT WARNING * * *
You hit the phantom.
The phantom is almost destroyed.
The phantom hits you.
* * * LOW HITPOINT WARNING * * *
You hit the phantom.
You punch the phantom, but do no damage.
You bite the phantom, but do no damage.
The phantom is almost destroyed.
You hit the phantom but do no damage.
The phantom is almost destroyed.
The phantom barely misses you.
You hit the phantom but do no damage.
The phantom is almost destroyed.
The phantom hits you!
* * * LOW HITPOINT WARNING * * *
Really quaff the potion of lignification?
You turn into a tree.
Your +0 helmet melds into your body.
Your +0 robe melds into your body.
Your roots penetrate the ground.
The phantom hits you.
You die...

#......###.............
..........#..........(..
.....#....##........#...
#.####..............###[
#...........>......##..
#....................
#..................#.#
..)>#....###...W......#.
<...#..##.......♣.......
..###...................
## #....................
#.......##....#...##.
#####....##.###..#..
##...#### ### .. ##.## .
###


You could see a phantom.

Vanquished Creatures
  A scorpion (D:4)
  2 adders
  2 dart slugs (D:2)
  An orc (D:3)
  6 endoplasms
  16 giant cockroaches
  3 hobgoblins
  3 quokkas (D:1)
  3 ball pythons
  4 bats
  A frilled lizard (D:2)
  3 goblins
  3 kobolds
  3 rats
51 creatures vanquished.

Notes
Turn   | Place    | Note
-------+----------+-------------------------------------------
     0 | D:1      | Gabide the Gnoll Monk began the quest for the Orb.
     0 | D:1      | Reached XP level 1. HP: 23/23 MP: 1/1
   146 | D:1      | Reached XP level 2. HP: 25/29 MP: 2/2
   469 | D:1      | Found Egoexti's Antique Weapon Shoppe.
  1028 | D:2      | Reached XP level 3. HP: 35/35 MP: 3/3
  1031 | D:2      | Found a faded altar of an unknown god.
  1370 | D:2      | Reached skill level 1 in Invocations
  1771 | D:3      | Found Lymowk's Weapon Shop.
  1986 | D:3      | Found Vodocs's Weapon Shoppe.
  1999 | D:3      | Reached skill level 1 in Short Blades
  1999 | D:3      | Reached skill level 1 in Long Blades
  1999 | D:3      | Reached skill level 1 in Axes
  1999 | D:3      | Reached skill level 1 in Maces & Flails
  1999 | D:3      | Reached skill level 1 in Staves
  1999 | D:3      | Reached skill level 1 in Slings
  1999 | D:3      | Reached skill level 1 in Bows
  1999 | D:3      | Reached skill level 1 in Crossbows
  1999 | D:3      | Reached skill level 1 in Throwing
  1999 | D:3      | Reached skill level 1 in Armour
  1999 | D:3      | Reached skill level 1 in Shields
  1999 | D:3      | Reached skill level 1 in Unarmed Combat
  1999 | D:3      | Reached skill level 1 in Spellcasting
  1999 | D:3      | Reached skill level 1 in Evocations
  2084 | D:3      | Found an opulent altar of Gozag.
  2087 | D:3      | Found a radiant altar of Vehumet.
  2183 | D:3      | Found a shadowy altar of Dithmenos.
  2214 | D:3      | Found a bloodstained altar of Trog.
  2299 | D:3      | Reached XP level 4. HP: 41/41 MP: 5/5
  2309 | D:3      | Found a glowing golden altar of the Shining One.
  2582 | D:4      | Noticed a lemure
  2683 | D:4      | Noticed a scorpion
  2696 | D:4      | Killed a scorpion
  2697 | D:4      | Reached skill level 1 in Conjurations
  2697 | D:4      | Reached skill level 1 in Hexes
  2697 | D:4      | Reached skill level 1 in Summonings
  2697 | D:4      | Reached skill level 1 in Necromancy
  2697 | D:4      | Reached skill level 1 in Translocations
  2697 | D:4      | Reached skill level 1 in Transmutations
  2697 | D:4      | Reached skill level 1 in Fire Magic
  2697 | D:4      | Reached skill level 1 in Ice Magic
  2697 | D:4      | Reached skill level 1 in Air Magic
  2697 | D:4      | Reached skill level 1 in Earth Magic
  2697 | D:4      | Reached skill level 1 in Poison Magic
  2697 | D:4      | Reached XP level 5. HP: 47/47 MP: 5/7
  2729 | D:4      | Noticed a phantom
  2785 | D:4      | HP: 2/47 [phantom (9)]
  2786 | D:4      | Slain by a phantom

Illustrated notes

Levels and vault maps discovered:
D:1:      dpeg_chamrin_arrival_tetris, layout_basic, serial_shops,
          nicolae_lakefront_shop, serial_park_tiny_1
D:2:      layout_basic, chequers_ecumenical_altar_island
D:3:      minmay_roachtagon, layout_rooms, minitemple,
          nicolae_dithmenos_the_darkroom,
          chequers_temple_overflow_statue_of_worship, serial_shops,
          nicolae_shop_bloodbath_and_beyond, nicolae_shop_crystal, shop,
          minmay_misc_feat_five, minmay_stone_trees_small, kennysheep_nub
D:4:      layout_cave_pools, slow_altar_2, uniq_ijyb, uniq_pikel

Skill      XL: |  1  2  3  4 |
---------------+-------------+-----
Invocations    | 1 |  1.5
Short Blades   | 1 |  1.4
Long Blades    | 1 |  1.4
Axes           | 1 |  1.4
Maces & Flails | 1 |  1.4
Staves         | 1 |  1.4
Slings         | 1 |  1.4
Bows           | 1 |  1.4
Crossbows      | 1 |  1.4
Throwing       | 1 |  1.4
Armour         | 1 |  1.4
Shields        | 1 |  1.4
Unarmed Combat | 1 |  1.4
Spellcasting   | 1 |  1.4
Evocations     | 1 |  1.4
Conjurations   | 1 |  1.1
Hexes          | 1 |  1.1
Summonings     | 1 |  1.1
Necromancy     | 1 |  1.1
Translocations | 1 |  1.1
Transmutations | 1 |  1.1
Fire Magic     | 1 |  1.1
Ice Magic      | 1 |  1.1
Air Magic      | 1 |  1.1
Earth Magic    | 1 |  1.1
Poison Magic   | 1 |  1.1
Fighting       | |  6.6
Polearms       | |  6.6
Dodging        | |  6.6
Stealth        | |  4.3

Action                   |  1- 3 |  4- 6 || total
-------------------------+-------+-------++-------
Melee: Spear             |   120 |   107 ||   227
       Bite              |     7 |    13 ||    20
       Punch             |     2 |     3 ||     5
  Use: Scroll            |     4 |       ||     4
       Potion            |       |     2 ||     2
 Stab: Sleeping          |    13 |     4 ||    17
       Distracted        |     1 |       ||     1
Armor: Robe              |    11 |     5 ||    16
       Skin              |       |     7 ||     7
Dodge: Dodged            |    37 |    45 ||    82
